Description

Puck game

Replay - JonSnow v puCK - Battle on the Boardwalk LE

Build Order

Get SALT Encoding   

  12  0:00  Probe  
  13  0:13  Probe  
  14  0:18  Pylon  
  14  0:25  Probe  
  15  0:37  Probe (Chrono Boost)  
  15  0:39  Gateway  
  16  0:48  Probe x2 (Chrono Boost), Assimilator  
  18  1:00  Pylon  
  18  1:04  Probe  
  19  1:17  Probe  
  20  1:30  Probe  
  20  1:32  Cybernetics Core  
  21  1:45  Probe  
  22  1:59  Nexus  
  23  2:03  Pylon  
  23  2:11  Warp Gate (Chrono Boost)  
  23  2:17  Shield Battery  
  23  2:21  Adept (Chrono Boost)  
  26  2:25  Assimilator  
  26  2:32  Gateway  
  27  2:42  Sentry  
  29  2:54  Gateway  
  29  3:04  Pylon  
  30  3:10  Sentry  
  34  3:22  Sentry  
  37  3:28  Shield Battery  
  39  3:47  Shield Battery  
  39  3:50  Pylon  
  39  3:54  Phoenix  
  41  4:00  Sentry  
  41  4:01  Robotics Facility  
  45  4:05  Assimilator  
  45  4:11  Assimilator  
  45  4:12  Shield Battery, Zealot  
  49  4:22  Stalker  
  51  4:29  Phoenix  
  51  4:30  Shield Battery  
  53  4:38  Stalker  
  60  4:53  Immortal (Chrono Boost)  
  63  5:17  Nexus  
  64  5:25  Warp Prism (Chrono Boost)  
  64  5:27  Sentry x2  
  72  5:38  Stalker  
  74  5:50  Shield Battery x2, Stalker x2  
  74  5:55  Stalker  
  82  6:11  Twilight Council  
  82  6:15  Gateway  
  83  6:19  Forge  
  83  6:22  Stalker x3  
  91  6:39  Robotics Bay  
  94  6:47  Assimilator x2  
  94  6:52  Observer (Chrono Boost)  
  94  6:53  Blink  
  100  7:07  Shield Battery  
  101  7:11  Protoss Ground Weapons Level 1 (Chrono Boost)  
  101  7:15  Gateway x2  
  103  7:18  Robotics Facility  
  103  7:26  Photon Cannon  
  103  7:33  Colossus (Chrono Boost)  
  103  7:34  Extended Thermal Lance  
  109  7:51  Nexus  
  108  8:12  Disruptor (Chrono Boost)  
  114  8:20  Shield Battery x2  
  114  8:22  Disruptor (Chrono Boost)  
  114  8:26  Robotics Facility  
  114  8:35  Stalker  
  114  8:36  Photon Cannon  
  114  8:38  Protoss Ground Weapons Level 2 (Chrono Boost)  
  125  8:43  Photon Cannon  
  125  8:44  Disruptor (Chrono Boost)  
  125  8:51  Assimilator x2  
  128  8:58  Disruptor (Chrono Boost)  
  128  9:01  Charge (Chrono Boost)  
  128  9:04  Templar Archives  
  134  9:14  Disruptor (Chrono Boost), Observer (Chrono Boost)  
  138  9:28  Photon Cannon x2  
  138  9:31  Disruptor (Chrono Boost)  
  138  9:33  Photon Cannon  
  144  9:41  Disruptor (Chrono Boost)  
  144  9:47  High Templar x4  
  144  9:50  Zealot x2  
  144  9:51  Archon x2  
  156  9:56  Nexus  
Spawning Tool Build Advisor. Get it on Overwolf

Go to:

Details

  • Created by: SiF
  • Published on: Nov 16, 2017
  • Modified on: Nov 21, 2017
  • Patch: 4.0.0
Show
View Real Time Build Order
Export as new Build Order

Comments (2)

On Nov. 20, 2017, 11:57 p.m., StoicLoofah  said:

It looks like the Phoenix was just a hallucination. I thought I had addressed this bug, but I guess I didn't, so I will look into it more. THanks!

On Nov. 17, 2017, 2:53 a.m., Bit.Milk  said:

How do I make phoenix without a stargate?

Create an account to comment!